 Dungeon Crawl Stone Soup version 0.30.1-4-g462c640d31 (webtiles) character file.

Game seed: 18424213252431886041

476 Joey1 the Chopper (level 6, -8/57 HPs)
             Began as a Minotaur Fighter on Aug 16, 2023.
             Killed by divine providence
             ... invoked by an orc priest
              (14 damage)
             ... on level 4 of the Dungeon on Aug 18, 2023.
             The game lasted 00:09:51 (2407 turns).

Joey1 the Chopper (Minotaur Fighter)                Turns: 2407, Time: 00:09:51

Health: -8/57      AC: 12    Str: 23    XL:     6   Next: 85%
Magic:  5/5        EV: 10    Int:  5    God:
Gold:   78         SH:  4    Dex:  9    Spells: 5/5 levels left

rFire   + . .        a - +0 war axe
rCold   . . .        c - +0 buckler
rNeg    . . .        b - +0 scale mail
rPois   .            (helmet restricted)
rElec   .            h - +2 cloak
rCorr   .            g - +0 pair of gloves
SInv    .            o - +0 pair of boots
Will    .....        (no amulet) Stlth
                     w - ring of protection from fire
HPRegen 0.29/turn    (no ring)
MPRegen 0.09/turn

%: no passive effects
@: mighty
A: horns 2, retaliatory headbutt
a: no special abilities


You were on level 4 of the Dungeon.
You visited 1 branch of the dungeon, and saw 6 of its levels.

You collected 78 gold pieces.

Inventory:

Hand Weapons
 a - a +0 war axe (weapon)
Armour
 b - a +0 scale mail (worn)
 c - a +0 buckler (worn)
 g - a +0 pair of gloves (worn)
 h - a +2 cloak (worn)
 o - a +0 pair of boots (worn)
 s - a scarf of resistance
Jewellery
 w - a ring of protection from fire (left hand)
Scrolls
 m - 3 scrolls of identify {unknown}
 p - 2 scrolls of enchant armour {unknown}
 q - a scroll of vulnerability {unknown}
 r - a scroll of fear {unknown}
 u - a scroll of magic mapping {unknown}
Potions
 e - 2 potions of degeneration {unknown}
 f - 5 potions of curing {unknown}
 i - 3 potions of haste {unknown}
 j - a potion of ambrosia {unknown}
 k - 2 potions of cancellation {unknown}
 l - a potion of resistance {unknown}
 n - a potion of mutation {unknown}
 t - a potion of berserk rage {unknown}
 v - a potion of attraction {unknown}


   Skills:
 - Level 6.0 Fighting
 + Level 6.7 Axes
 - Level 4.0 Armour
 - Level 2.0 Dodging
 - Level 4.0 Shields


You had 5 spell levels left.
You didn't know any spells.
Your spell library contained the following spells:

 Spells                   Type           Power      Damage    Failure   Level
 Kiss of Death            Conj/Necr      0%         2d5       85%         1
 Magic Dart               Conj           0%         1d3       85%         1
 Call Imp                 Summ           0%         N/A       94%         2
 Confusing Touch          Hex            0%         N/A       99%         3
 Mephitic Cloud           Conj/Pois/Air  0%         N/A       99%         3
 Dispel Undead            Necr           0%         3d6       100%        4


Dungeon Overview and Level Annotations

Branches:
Dungeon (6/15)
 Temple: D:4-7

Altars:
Sif Muna
The Shining One


Innate Abilities, Weirdness & Mutations

You have a pair of horns on your head.
You reflexively headbutt those who attack you in melee.


Message History

You kill the adder!
You hit the kobold.
You kill the kobold!
Unknown command.
There is an escape hatch in the ceiling, spattered with blood here.
Things that are here:
a +0 club; an adder corpse; an orc corpse A mysterious force pulls you upwards.
The hatch slams shut behind you.
The ufetubus shouts!
The ufetubus hits you but does no damage.
The ufetubus misses you.
You closely miss the ufetubus. Your headbutt misses the ufetubus.
The ufetubus hits you but does no damage. x2
The ufetubus closely misses you.
The ufetubus hits you but does no damage.
You barely miss the ufetubus. The ufetubus hits you.
* * * LOW HITPOINT WARNING * * *
The ufetubus hits you but does no damage.
You miss the ufetubus. The ufetubus hits you.
* * * LOW HITPOINT WARNING * * *
The ufetubus closely misses you. x2; You furiously retaliate!
You headbutt the ufetubus.
The ufetubus hits you but does no damage.
You miss the ufetubus. Your headbutt misses the ufetubus.
The ufetubus is moderately wounded.
You block the ufetubus's attack. The ufetubus barely misses you.
An orc priest comes into view. It is wielding a +0 whip.
The ufetubus hits you.
* * * LOW HITPOINT WARNING * * *
The ufetubus closely misses you.
You miss the ufetubus.
The orc priest shouts!
Your headbutt misses the ufetubus.
The ufetubus is moderately wounded.
You are no longer corroded.
The ufetubus hits you but does no damage.
You block the ufetubus's attack.
The orc priest mumbles some strange prayers to Beogh against you.
Beogh smites you!
You die...

## #. ##.. #
#..# #.#
#..##.. #....
#5.# #@.#
...........#
...............
#############..


o You could see an orc priest and an ufetubus.

Vanquished Creatures
  Duvessa (D:6)
  A scorpion (D:5)
  Dowan (D:6)
  A jelly (D:5)
  An orc priest (D:5)
  Terence (D:2)
  An iguana (D:5)
  Robin (D:2)
  3 gnolls (D:6)
  3 adders
  3 worms
  A dart slug (D:2)
  4 orcs (D:5)
  8 ball pythons
  7 endoplasms
  A giant cockroach (D:1)
  13 goblins
  8 hobgoblins
  4 jackals (D:2)
  A quokka (D:1)
  4 bats
  4 frilled lizards
  5 kobolds
  4 rats
81 creatures vanquished.

Notes
Turn   | Place    | Note
-------+----------+-------------------------------------------
     0 | D:1      | Joey1 the Minotaur Fighter began the quest for the Orb.
     0 | D:1      | Reached XP level 1. HP: 19/19 MP: 0/0
    96 | D:1      | Reached XP level 2. HP: 25/27 MP: 1/1
   312 | D:1      | Reached skill level 1 in Dodging
   766 | D:2      | Reached XP level 3. HP: 33/33 MP: 2/2
   796 | D:2      | Noticed Terence
   927 | D:2      | Identified the +0 robe "Tora Kagum" {+Inv Regen+ Dex-4
                  | Archmagi}
  1123 | D:2      | Killed Terence
  1124 | D:2      | Reached XP level 4. HP: 19/41 MP: 3/3
  1437 | D:2      | Noticed Robin
  1539 | D:2      | Killed Robin
  1821 | D:3      | Found a shimmering blue altar of Sif Muna.
  2150 | D:4      | You fall into a shaft and drop 2 floors!
  2184 | D:6      | Reached skill level 5 in Fighting
  2184 | D:6      | Reached XP level 5. HP: 32/48 MP: 4/4
  2253 | D:6      | Noticed Duvessa
  2280 | D:6      | Killed Duvessa
  2280 | D:6      | Noticed Dowan
  2281 | D:6      | Reached skill level 5 in Axes
  2282 | D:6      | Killed Dowan
  2283 | D:6      | Reached XP level 6. HP: 39/57 MP: 5/5
  2375 | D:5      | Entered Level 5 of the Dungeon
  2375 | D:5      | Found a glowing golden altar of the Shining One.
  2407 | D:4      | Killed from afar by an orc priest

Illustrated notes

Levels and vault maps discovered:
D:1:      spicycebolla_arrival_ecumenical, layout_basic, fountainhead,
          nicolae_concentric_dashed_squares_mild, chequers_serial_rivers_large_a
D:2:      layout_basic, minmay_hedge_maze, uniq_terence, uniq_robin
D:3:      layout_rooms, lemuel_coloured_pillars_altar, minmay_tree_intersection
D:4:      layout_cave_pods, mainiacjoe_overflow_small_starburst
D:5:      layout_rooms, grunt_temple_overflow_open, amcnicky_altar_gilded,
          biasface_ghost_orc_armoury
D:6:      layout_basic, kennysheep_okawaru_gauntlet, dreamdust_princess_bridge,
          uniq_edmund, uniq_duvessa

Skill      XL: |  1  2  3  4  5  6 |
---------------+-------------------+-----
Dodging        | 1 2 |  2.0
Shields        | 4 |  4.0
Armour         | 4 |  4.0
Fighting       | 4 5 6 |  6.0
Axes           | 3 4 5 6 |  6.7

Action                     |  1- 3 |  4- 6 || total
---------------------------+-------+-------++-------
  Melee: War axe           |    92 |    80 ||   172
         Headbutt          |     8 |    10 ||    18
    Use: Potion            |       |     1 ||     1
 Armour: Scale mail        |    54 |    50 ||   104
  Dodge: Dodged            |    40 |    50 ||    90
  Block: Buckler           |    11 |    26 ||    37
